 Dungeon Crawl Stone Soup version 0.30-a0-719-gcc4359ea44 (webtiles) character file.

Game seed: 13048100896083307643

3069 BigDaddyOpFi the Trollish Disaster (level 9, -1/75 (81) HPs)
             Began as a Troll Transmuter on Jan 26, 2023.
             Was a Believer of Qazlal.
             Slain by a wight
             ... wielding a +4 falchion
              (7 damage)
             ... on level 8 of the Dungeon.
             The game lasted 00:08:28 (5970 turns).

BigDaddyOpFi the Trollish Disaster (TrTm)           Turns: 5970, Time: 00:08:29

HP:   -1/75 (81)    AC:  6    Str: 20    XL:     9   Next: 58%
MP:   21/22         EV: 10    Int: 19    God:    Qazlal [**....]
Gold: 418           SH:  2    Dex: 10    Spells: 12/15 levels left

rFire   . . .      SeeInvis .      - Unarmed
rCold   . . .      Faith    .    (no shield)
rNeg    . . .      Spirit   .    a - +2 robe
rPois   .          Reflect  .    (helmet currently unavailable)
rElec   .          Harm     .    n - scarf {repulsion}
rCorr   .          Rampage  .    (gloves unavailable)
Will    .....                    (boots unavailable)
Stlth   +                        (no amulet)
HPRegen 1.12/turn                i - ring of magical power
MPRegen 0.18/turn                l - +6 ring of intelligence

@: appendages, wereblooded, drained, repel missiles
A: horns 2, talons 2, large, unfitting armour, claws 3, regeneration 1, shaggy
fur 1, tough skin 1
a: End Transformation, Renounce Religion, Upheaval


You were on level 8 of the Dungeon.
You worshipped Qazlal.
Qazlal was pleased with you.
You had temporarily grown beastly horns and talons.
You visited 2 branches of the dungeon, and saw 9 of its levels.

You collected 418 gold pieces.

Inventory:

Armour
 a - a +2 robe (worn)
 n - a scarf of repulsion (worn)
 t - +0 shadow dragon scales
Magical Staves
 c - a staff of conjuration
Jewellery
 g - a ring of willpower
 i - a ring of magical power (left claw)
 l - a +6 ring of intelligence (right claw)
Wands
 j - a wand of polymorph (6)
 m - a wand of light (8)
 p - a wand of mindburst (8)
 s - a wand of paralysis (7)
Scrolls
 e - a scroll of fear
 f - 2 scrolls of noise
 k - 2 scrolls of vulnerability
 o - a scroll of amnesia
 u - a scroll of identify
Potions
 b - 2 potions of lignification
 d - a potion of curing
 h - a potion of flight
 q - 2 potions of degeneration {unknown}
 r - a potion of brilliance
 v - a potion of cancellation


   Skills:
 - Level 3.0 Fighting
 - Level 3.5 Dodging
 - Level 4.8 Unarmed Combat
 + Level 3.9 Spellcasting
 + Level 3.2 Conjurations
 + Level 1.7 Translocations
 - Level 4.2 Transmutations
 * Level 5.8 Invocations


You had 12 spell levels left.
You knew the following spells:

 Your Spells              Type           Power      Damage    Failure   Level
a - Beastly Appendage     Tmut           38%        N/A       2%          1
b - Wereblood             Tmut           19%        N/A       3%          2

Your spell library contained the following spells:

 Spells                   Type           Power      Damage    Failure   Level
 Apportation              Tloc           20%        N/A       7%          1
 Momentum Strike          Conj/Tloc      26%        3d8       8%          2
 Blink                    Tloc           20%        N/A       11%         2
 Lesser Beckoning         Tloc           20%        N/A       11%         2
 Spider Form              Tmut/Pois      11%        N/A       17%         3
 Ice Form                 Ice/Tmut       11%        N/A       50%         4
 Alistair's Intoxication  Tmut/Pois      7%         N/A       85%         5


Dungeon Overview and Level Annotations

Branches:
Dungeon (8/15)             Temple (1/1) D:4
   Lair: D:8-11

Altars:
Ashenzari
Elyvilon
Fedhas
Hepliaklqana
Kikubaaqudgha
Makhleb
Qazlal
Ru
Sif Muna
Trog
Uskayaw
Xom
Zin


Innate Abilities, Weirdness & Mutations

You have temporarily grown beastly horns and talons.
You are too large for most types of armour.
You have claws for hands.
Your natural rate of healing is unusually fast.
You are covered in fur. (AC +1)
You have tough skin. (AC +1)


Message History

The wight hits you with a +4 falchion!
You feel drained. The wight hits you with a +3 hand axe!
You feel drained.
You claw the wight!
You feel a bit better.
You destroy the wight!
Qazlal accepts your kill.
You howl as the wereblood boils in your veins!
The wight barely misses you. The wight hits you with a +4 falchion!
* * * LOW HITPOINT WARNING * * *
The wight hits you with a +3 hand axe.
* * * LOW HITPOINT WARNING * * *
Okay, then.
Okay, then.
You feel better. The wight closely misses you.
The wight hits you with a +4 falchion!
* * * LOW HITPOINT WARNING * * *
The wight is engulfed in freezing vapours.
The wight barely misses you.
You feel better.
You howl as the wereblood boils in your veins!
The wight hits you with a +0 scimitar!
* * * LOW HITPOINT WARNING * * *
The wight closely misses you.
The wight is engulfed in freezing vapours.
You block the wight's attack.
You feel better. The wight hits you with a +0 scimitar!
* * * LOW HITPOINT WARNING * * *
The wight hits you with a +4 falchion.
* * * LOW HITPOINT WARNING * * *
The wight is engulfed in freezing vapours.
The wight completely misses you.
You can't see any enemies this would affect, really read the scroll of fear?
Okay, then.
You feel better.
You howl as the wereblood boils in your veins!
The wight hits you with a +0 scimitar.
* * * LOW HITPOINT WARNING * * *
You feel drained.
* * * LOW HITPOINT WARNING * * *
The wight hits you with a +4 falchion!
You die...

.. .....# .. ....... #.
.....##. ###
....#.######### ..#
#..#.......... ..#
#..#.)###..... ..#
#..).# ...
..###########..z@###. .
............#..zz...#
.............>.........#
............##.......#.#
............##.......#
##..........##.....<.#
##.......)..##.......#
#...........##...≈...#
..########### ...≈.##


You could see 3 wights.

Vanquished Creatures
  Pikel (D:7)
  2 steam dragons
  A water moccasin (D:7)
  Duvessa (D:7)
  2 ice beasts (D:6)
  An ogre (D:5)
  3 black bears
  A phantom (D:5)
  5 bullfrogs
  A necrophage (D:6)
  A scorpion (D:7)
  Dowan (D:7)
  2 wights (D:8)
  4 killer bees (D:8)
  3 electric eels (D:7)
  4 hounds
  3 jellies
  2 orc priests (D:4)
  6 iguanas
  An orc wizard (D:3)
  11 adders
  A white imp (D:6)
  An ufetubus (D:6)
  3 dart slugs
  7 orcs
  7 ball pythons
  A bat (D:1)
  4 endoplasms
  7 giant cockroaches
  11 goblins
  8 hobgoblins
  2 jackals (D:4)
  2 quokkas
  A frilled lizard (D:1)
  9 kobolds
  6 rats
126 creatures vanquished.

Vanquished Creatures (others)
  10 plants
10 creatures vanquished.

Grand Total: 136 creatures vanquished

Notes
Turn   | Place    | Note
-------+----------+-------------------------------------------
     0 | D:1      | BigDaddyOpFi the Troll Transmuter began the quest for the
                  | Orb.
     0 | D:1      | Reached XP level 1. HP: 18/18 MP: 1/1
    54 | D:1      | Found a faded altar of an unknown god.
    90 | D:1      | Reached skill level 1 in Fighting
   114 | D:1      | Reached XP level 2. HP: 27/27 MP: 3/3
   751 | D:2      | Reached XP level 3. HP: 25/33 MP: 4/4
  1538 | D:3      | Found a white marble altar of Elyvilon.
  1676 | D:3      | Found a burning altar of Makhleb.
  1688 | D:3      | Reached XP level 4. HP: 36/41 MP: 3/5
  1908 | D:4      | Noticed a black bear
  1914 | D:4      | Killed a black bear
  1915 | D:4      | Reached XP level 5. HP: 31/49 MP: 4/6
  2306 | D:4      | Reached XP level 6. HP: 42/57 MP: 8/8
  2319 | D:4      | Found a blossoming altar of Fedhas.
  2337 | D:4      | Found a staircase to the Ecumenical Temple.
  2358 | Temple   | Entered the Ecumenical Temple
  2368 | Temple   | Became a worshipper of Qazlal Stormbringer
  2839 | D:5      | Entered Level 5 of the Dungeon
  2948 | D:5      | Reached XP level 7. HP: 63/66 MP: 7/9
  3242 | D:5      | Reached * piety under Qazlal
  3574 | D:5      | Found a glowing silver altar of Zin.
  3574 | D:5      | Noticed an angel
  3813 | D:6      | Reached skill level 1 in Invocations
  3859 | D:6      | Found a shimmering altar of Xom.
  3908 | D:6      | Reached skill level 1 in Conjurations
  3908 | D:6      | Reached XP level 8. HP: 56/75 MP: 11/11
  3943 | D:6      | Identified the +9 flail of Qaogoqu {distort, Contam rElec
                  | Dex+4 SInv}
  3967 | D:6      | Reached skill level 2 in Invocations
  4312 | D:6      | Found a broken altar of Ashenzari.
  4312 | D:6      | Found a shimmering blue altar of Sif Muna.
  4432 | D:6      | Reached skill level 3 in Invocations
  4507 | D:7      | Noticed Pikel
  4517 | D:7      | Killed Pikel
  4518 | D:7      | Reached skill level 4 in Invocations
  4685 | D:7      | Reached XP level 9. HP: 64/81 MP: 13/13
  4943 | D:7      | Found a hide-covered altar of Uskayaw.
  4951 | D:7      | Noticed Dowan
  4952 | D:7      | Noticed Duvessa
  5062 | D:7      | Learned a level 2 spell: Wereblood
  5174 | D:7      | Killed Duvessa
  5182 | D:7      | Reached skill level 5 in Invocations
  5187 | D:7      | Killed Dowan
  5240 | D:7      | Reached skill level 1 in Translocations
  5335 | D:7      | Found a bloodstained altar of Trog.
  5344 | D:7      | Reached ** piety under Qazlal
  5970 | D:8      | Slain by a wight

Illustrated notes

Levels and vault maps discovered:
D:1:      lightli_arrival_chessboard, layout_basic,
          dreamdust_ecumenical_altar_statues, minmay_worlds_worst_comb
D:2:      layout_basic, kennysheep_donut
D:3:      layout_rooms, old_standard_altar, lemuel_tele_altar
D:4:      layout_rooms, fedhas_ov_isle_minmay, minmay_temple_entry_slanted,
          st_stairs_1, minmay_strange_pillars, hangedman_abyss_or_decor_slice,
          kennysheep_generic_room_16
D:5:      layout_basic, zin_angel
D:6:      layout_gridville, gammafunk_temple_overflow_wave,
          mainiacjoe_overflow_six_doors_small
D:7:      layout_basic, mainiacjoe_overflow_surrounded_room, trog_hazing_becter,
          serial_bayou_lake_a, uniq_pikel, uniq_duvessa
D:8:      cheibrodos_shockbox, layout_basic, nicolae_wu_jian_glorious_leap,
          lemuel_coloured_pillars_altar, vehumet_crystals, lair_entry_dummy,
          hangedman_decor_clover_reticule, chequers_serial_rivers_micro_e
Temple:   nicolae_temple_two_arcs

Skill      XL: |  1  2  3  4  5  6  7  8  9 |
---------------+----------------------------+-----
Fighting       | 1 2 3 |  3.0
Dodging        | 2 3 |  3.5
Transmutations | 2 3 4 |  4.2
Spellcasting   | 2 3 |  3.9
Unarmed Combat | 4 |  4.8
Invocations    | 1 4 5 |  5.8
Conjurations   | 1 2 3 |  3.2
Translocations | 1 |  1.7

Action                     |  1- 3 |  4- 6 |  7- 9 || total
---------------------------+-------+-------+-------++-------
  Melee: Unarmed           |   101 |   107 |   248 ||   456
         Punch             |     2 |     3 |     9 ||    14
         Kick              |     2 |    10 |    23 ||    35
         Headbutt          |     1 |     5 |    16 ||    22
   Cast: Beastly Appendage |     5 |     7 |    20 ||    32
         Wereblood         |       |       |     2 ||     2
    Use: Scroll            |     4 |       |     9 ||    13
         Potion            |       |     6 |     9 ||    15
   Stab: Sleeping          |     3 |       |     1 ||     4
 Armour: Robe              |    41 |    31 |    52 ||   124
         Skin              |       |       |    32 ||    32
  Dodge: Dodged            |    34 |    46 |   124 ||   204
         Repelled          |       |       |     3 ||     3
  Block: Other             |       |       |    21 ||    21

Table legend: (Time is in decaauts)
 A = Elapsed time spent in this place.
 B = Non-inter-level travel time spent in this place.
 C = Inter-level travel time spent in this place.
 D = Time resting spent in this place.
 E = Time spent auto-exploring this place.
 F = Levels seen in this place.
 G = Mean time per level.
                   A        B        C        D        E       F      G
               +--------+--------+--------+--------+--------+-----+--------+
         Total |   5922 |   5751 |    171 |   1068 |   3660 |   9 |  658.0 |
       Dungeon |   5903 |   5740 |    163 |   1068 |   3660 |   8 |  737.9 |
        Temple |     18 |     10 |      8 |      0 |      0 |   1 |   18.0 |
               +--------+--------+--------+--------+--------+-----+--------+

Top non-repeatable levels by time:
     D:7: 1061 daAuts
     D:4: 899 daAuts
     D:5: 850 daAuts
     D:2: 799 daAuts
     D:6: 797 daAuts
     D:1: 578 daAuts
     D:3: 522 daAuts
     D:8: 394 daAuts
  Temple: 18 daAuts
